 Dungeon Crawl Stone Soup version 0.28-a0-732-g75e6d9b (webtiles) character file.

Game seed: 16379714754816134037

6600 NeededCrab the Thaumaturge (level 11, 0/181 HPs)
             Began as a Gnoll Hedge Wizard on Oct 28, 2021.
             Was a Believer of Sif Muna.
             Killed from afar by a gargoyle (13 damage)
             ... with a stone arrow
             ... on level 9 of the Dungeon on Oct 29, 2021.
             The game lasted 01:02:38 (16325 turns).

NeededCrab the Thaumaturge (Gnoll Hedge Wizard)    Turns: 16325, Time: 01:02:39

Health: 0/181      AC: 33    Str:  9    XL:     11   Next: 2%
Magic:  16/24      EV:  2    Int: 24    God:    Sif Muna [**....]
Gold:   559        SH:  7    Dex: 11    Spells: 11/28 levels left

rFire   + . .      SeeInvis .   I - +1 whip (elec)
rCold   . . .      Faith    .   H - +2 buckler
rNeg    + . .      Spirit   .   (armour currently unavailable)
rPois   +          Reflect  .   (helmet currently unavailable)
rElec   .          Harm     .   (cloak currently unavailable)
rCorr   .          Rampage  .   (gloves currently unavailable)
Will    .....      NoTele   +   (boots currently unavailable)
Stlth   ..........              (no amulet)
HPRegen 0.40/turn               P - ring "Leidot" {rF+ rN+ Int+6}
MPRegen 0.19/turn               A - ring of wizardry

@: berserking, ice-armoured, tree-form, very quick
A: stationary, stasis, torment immunity, boosted hp, (fangs 1), strong nose,
distributed training
a: Renounce Religion, Channel Magic


You were on level 9 of the Dungeon.
You worshipped Sif Muna.
Sif Muna was pleased with you.
You were a tree.
You visited 2 branches of the dungeon, and saw 11 of its levels.

You collected 609 gold pieces.
You spent 50 gold pieces at shops.

Inventory:

Hand Weapons
 i - a +2 dagger of speed
 I - a +1 whip of electrocution (weapon)
Missiles
 e - 5 atropa-tipped darts
 k - a throwing net
Armour
 b - a +0 robe (melded)
 c - a +2 hat (melded)
 f - a +1 pair of boots (melded)
 m - a +0 helmet
 t - a +0 cloak (melded)
 w - a +0 pair of gloves (melded)
 E - a +0 leather armour
 H - a +2 buckler (worn)
Magical Staves
 G - a staff of air
Jewellery
 y - a ring of resist corrosion
 A - a ring of wizardry (right branch)
 O - a ring of flight
 P - the ring "Leidot" (left branch) {rF+ rN+ Int+6}
   (You found it on level 9 of the Dungeon)

   [ring of intelligence]

   Int:       It affects your intelligence (+6).
   rF:        It protects you from fire.
   rN:        It protects you from negative energy.
Wands
 o - a wand of flame (25)
 J - a wand of iceblast (15)
 M - a wand of paralysis (3)
Scrolls
 d - 2 scrolls of noise
 g - a scroll of summoning {unknown}
 h - 2 scrolls of enchant armour {unknown}
 l - 3 scrolls of enchant weapon {unknown}
 p - 2 scrolls of acquirement {unknown}
 q - 2 scrolls of vulnerability {unknown}
 s - 2 scrolls of amnesia
 v - a scroll of blinking {unknown}
 x - a scroll of fear {unknown}
 C - a scroll of silence {unknown}
 D - a scroll of teleportation {unknown}
 K - a scroll of fog {unknown}
Potions
 a - 2 potions of magic
 j - 4 potions of haste
 u - 2 potions of brilliance
 z - a potion of might {unknown}
 B - 3 potions of lignification
 F - a potion of degeneration {unknown}
 L - a potion of invisibility {unknown}


   Skills:
 + Level 5.8 Fighting
 + Level 5.8 Short Blades
 + Level 5.8 Long Blades
 + Level 5.8 Axes
 + Level 5.8 Maces & Flails
 + Level 5.8 Polearms
 + Level 5.8 Staves
 + Level 5.8 Slings
 + Level 5.8 Bows
 + Level 5.8 Crossbows
 + Level 5.8 Throwing
 + Level 5.8 Armour
 + Level 7.5 Dodging
 + Level 7.2 Stealth
 + Level 5.8 Shields
 + Level 5.8 Unarmed Combat
 + Level 9.3 Spellcasting
 + Level 5.3 Conjurations
 + Level 4.8 Hexes
 + Level 5.3 Summonings
 + Level 4.8 Necromancy
 + Level 5.3 Translocations
 + Level 4.8 Transmutations
 + Level 4.8 Fire Magic
 + Level 4.8 Ice Magic
 + Level 4.8 Air Magic
 + Level 4.8 Earth Magic
 + Level 4.8 Poison Magic
 + Level 6.4 Invocations
 + Level 5.8 Evocations


You had 11 spell levels left.
You knew the following spells:

 Your Spells              Type           Power      Damage    Failure   Level
a - Magic Dart            Conj           100%       1d8       1%          1
b - Call Imp              Summ           36%        N/A       1%          2
c - Conjure Flame         Conj/Fire      35%        6-21      1%          3
d - Mephitic Cloud        Conj/Pois/Air  35%        N/A       1%          3
e - Call Canine Familiar  Summ           36%        N/A       1%          3
f - Ozocubu's Armour      Ice            34%        N/A       1%          3
B - Blink                 Tloc           72%        N/A       1%          2

Your spell library contained the following spells:

 Spells                   Type           Power      Damage    Failure   Level
 Summon Small Mammal      Summ           100%       N/A       1%          1
 Slow                     Hex            34%        N/A       1%          2
 Summon Guardian Golem    Hex/Summ       35%        N/A       1%          3
 Ozocubu's Refrigeration  Ice            17%        4d8       92%         7


Dungeon Overview and Level Annotations

Branches:
Dungeon (10/15)            Temple (1/1) D:4
   Lair: D:8-11         Orc: D:9-12

Altars:
Ashenzari
Cheibriados
Dithmenos
Elyvilon
Fedhas
Gozag
Hepliaklqana
Kikubaaqudgha
Makhleb
Nemelex Xobeh
Okawaru
Qazlal
Ru
Sif Muna
Trog
Uskayaw
Vehumet
Wu Jian
Xom
Yredelemnul
Zin
The Shining One

Shops:
D:2 *

Annotations:
D:2 1 runed translucent door, Crazy Yiuf
D:8 exclusion: downstairs


Innate Abilities, Weirdness & Mutations

You are a tree.
Your roots penetrate the ground, keeping you stationary.
You cannot be teleported.
You are immune to unholy pain and torment.
Your maximum health is greatly increased.
Your equipment is partially melded.
((You have very sharp teeth.))
Your uncanny sense of smell can sniff out nearby items.
Your experience applies equally to all skills.


Message History

Your crimson imp hits the gargoyle but does no damage.
You barely miss the gargoyle.
The gargoyle is moderately damaged.
Your hound bites the gargoyle but does no damage.
The gargoyle hurls a stone arrow at you.
The stone arrow hits you!
* * * LOW HITPOINT WARNING * * *
Your icy armour will break if you move.
Continue?
Your hound bites the gargoyle but does no damage.
Your crimson imp hits the gargoyle but does no damage.
The gargoyle hits you with a +0 flail!
* * * LOW HITPOINT WARNING * * *
Your hound bites the gargoyle but does no damage.
You climb upwards.
Your icy armour cracks and falls away as you move.
There is a stone staircase leading down here.
Okay, then.
Casting: Magic Dart (safe; 1% risk of failure)
Confirm with . or Enter, or press ? or * to list all spells.
A film of ice covers your body! The gargoyle completely misses you.
You feel better.
The gargoyle hurls a stone arrow at you.
The stone arrow hits you!
* * * LOW HITPOINT WARNING * * *
Okay, then.
Really quaff the potion of lignification?
You turn into a tree.
Your +0 cloak melds into your body.
Your +2 hat melds into your body.
Your +0 pair of gloves melds into your body.
Your +1 pair of boots melds into your body.
Your +0 robe melds into your body.
Your roots penetrate the ground.
The gargoyle hurls a stone arrow at you.
The stone arrow hits you but does no damage.
Okay, then.
It was a potion of berserk rage.
A red film seems to cover your vision as you go berserk!
You feel yourself moving faster!
You feel mighty!
The gargoyle hurls a stone arrow at you.
The stone arrow hits you!
You die...

..........##......# #.........##
.....#...###.....## ##..##..#...
........###.......####...##..###.
!......####......(.#....####..###
......###....#######.#...###..###
......##...[####...####.......##.
...#...#.....##.....####......##.
..##.......<.'..9.>..#.<.........
..######...[.'..♣....#...........
###### #..[).'....>..#...........
.....# #.....##.....##....#......
.....# ##.....##...##............
.....###.......#####.............
................##...............
................###..............
#................##..............
................###..............


You could see a gargoyle.

Vanquished Creatures
  2 two-headed ogres (D:8)
  Pikel (D:6)
  A manticore (D:8)
  A hornet (D:9)
  Eustachio (D:6)
  2 yaks (D:8)
  A wyvern (D:8)
  A vampire mosquito (D:8)
  A water moccasin (D:8)
  A sky beast (D:8)
  8 orc warriors
  An ice beast (D:7)
  2 black bears (D:6)
  An ogre (D:6)
  A necrophage (D:6)
  3 centaurs
  A phantom (D:3)
  2 lemures (D:6)
  A bullfrog (D:7)
  A gnoll sergeant (D:6)
  A wyvern zombie (D:6)
  2 scorpions
  3 killer bees (D:8)
  3 centaur zombies
  6 orc priests
  A bullfrog skeleton (D:5)
  A hound (D:5)
  3 gnoll shamans
  An iguana (D:4)
  2 orc wizards (D:9)
  A scorpion zombie (D:5)
  A hound zombie (D:5)
  A hound skeleton (D:5)
  4 adders
  17 gnolls
  2 shadow imps
  2 ufetubi
  An adder skeleton (D:4)
  A worm (D:2)
  4 dart slugs
  23 orcs
  8 ball pythons
  2 bat zombies (D:8)
  6 endoplasms
  A giant cockroach (D:2)
  18 goblins
  9 hobgoblins
  6 jackals
  8 quokkas
  A ball python zombie (D:1)
  5 bats
  8 frilled lizards
  A giant cockroach zombie (D:1)
  5 kobolds
  7 rats
  2 rat zombies (D:8)
200 creatures vanquished.

Vanquished Creatures (collateral kills)
  Prince Ribbit (D:5)
  A yak (D:9)
  An orc warrior (D:8)
  A scorpion (D:4)
  A killer bee (D:8)
  A howler monkey (D:4)
  A bullfrog skeleton (D:4)
  An iguana (D:4)
  Robin (D:2)
  An adder (D:2)
  A gnoll (D:6)
  A dart slug (D:4)
  2 orcs (D:6)
  An endoplasm (D:1)
  A hobgoblin (D:2)
  A quokka (D:5)
17 creatures vanquished.

Grand Total: 217 creatures vanquished

Notes
Turn   | Place    | Note
-------+----------+-------------------------------------------
     0 | D:1      | NeededCrab the Gnoll Hedge Wizard began the quest for the
                  | Orb.
     0 | D:1      | Reached XP level 1. HP: 13/13 MP: 8/8
   264 | D:1      | Reached XP level 2. HP: 16/19 MP: 2/10
   267 | D:1      | Learned a level 2 spell: Blink
   270 | D:1      | Learned a level 2 spell: Call Imp
   645 | D:1      | Reached XP level 3. HP: 25/25 MP: 4/11
   649 | D:1      | Learned a level 3 spell: Conjure Flame
   653 | D:1      | Learned a level 3 spell: Mephitic Cloud
   953 | D:1      | Reached skill level 1 in Invocations
  1496 | D:2      | Reached skill level 1 in Fighting
  1496 | D:2      | Reached skill level 1 in Short Blades
  1496 | D:2      | Reached skill level 1 in Long Blades
  1496 | D:2      | Reached skill level 1 in Axes
  1496 | D:2      | Reached skill level 1 in Maces & Flails
  1496 | D:2      | Reached skill level 1 in Polearms
  1496 | D:2      | Reached skill level 1 in Staves
  1496 | D:2      | Reached skill level 1 in Slings
  1496 | D:2      | Reached skill level 1 in Bows
  1496 | D:2      | Reached skill level 1 in Crossbows
  1496 | D:2      | Reached skill level 1 in Throwing
  1496 | D:2      | Reached skill level 1 in Armour
  1496 | D:2      | Reached skill level 1 in Shields
  1496 | D:2      | Reached skill level 1 in Unarmed Combat
  1496 | D:2      | Reached skill level 1 in Evocations
  1743 | D:2      | Reached XP level 4. HP: 26/32 MP: 13/13
  1940 | D:2      | Noticed Robin
  2006 | D:2      | Reached skill level 1 in Hexes
  2006 | D:2      | Reached skill level 1 in Necromancy
  2006 | D:2      | Reached skill level 1 in Transmutations
  2006 | D:2      | Reached skill level 1 in Fire Magic
  2006 | D:2      | Reached skill level 1 in Ice Magic
  2006 | D:2      | Reached skill level 1 in Air Magic
  2006 | D:2      | Reached skill level 1 in Earth Magic
  2006 | D:2      | Reached skill level 1 in Poison Magic
  2023 | D:2      | Killed Robin
  2282 | D:2      | Found a runed translucent door.
  2283 | D:2      | Noticed Crazy Yiuf
  2427 | D:2      | Reached XP level 5. HP: 37/37 MP: 2/14
  2666 | D:2      | Found Yvotiteo's General Store.
  2669 | D:2      | Bought a potion of curing for 30 gold pieces
  2669 | D:2      | Bought a scroll of identify for 20 gold pieces
  2708 | D:2      | Found a faded altar of an unknown god.
  3423 | D:3      | Noticed a phantom
  4009 | D:3      | Killed a phantom
  4010 | D:3      | Reached XP level 6. HP: 44/44 MP: 2/16
  4262 | D:3      | Learned a level 3 spell: Call Canine Familiar
  4713 | D:4      | Reached skill level 5 in Dodging
  5018 | D:4      | Reached XP level 7. HP: 48/50 MP: 1/18
  5328 | D:4      | Found a staircase to the Ecumenical Temple.
  5336 | Temple   | Entered the Ecumenical Temple
  5504 | Temple   | Became a worshipper of Sif Muna the Loreminder
  5572 | D:4      | Learned a level 3 spell: Ozocubu's Armour
  5720 | D:5      | Entered Level 5 of the Dungeon
  5989 | D:5      | Noticed Prince Ribbit
  6019 | D:5      | Killed Prince Ribbit
  6020 | D:5      | Reached skill level 5 in Stealth
  6334 | D:5      | Reached XP level 8. HP: 57/57 MP: 5/19
  6501 | D:5      | Found a bloodstained altar of Trog.
  6504 | D:5      | Found a glowing golden altar of the Shining One.
  6509 | D:5      | Found a hazy altar of Hepliaklqana.
  6786 | D:5      | Found a glowing silver altar of Zin.
  7745 | D:6      | Reached skill level 8 in Spellcasting
  7978 | D:6      | Noticed Eustachio
  7989 | D:6      | Killed Eustachio
  8101 | D:6      | Reached * piety under Sif Muna
  8217 | D:6      | Reached XP level 9. HP: 65/65 MP: 15/21
  9179 | D:7      | Noticed Pikel
  9406 | D:6      | Killed Pikel
 10407 | D:7      | Reached skill level 5 in Invocations
 10948 | D:8      | Found an ancient bone altar of Kikubaaqudgha.
 11442 | D:8      | Found a blossoming altar of Fedhas.
 11490 | D:8      | Reached XP level 10. HP: 73/73 MP: 10/22
 12499 | D:8      | Noticed a manticore
 12629 | D:8      | Killed a manticore
 12630 | D:8      | Reached skill level 5 in Fighting
 12630 | D:8      | Reached skill level 5 in Short Blades
 12630 | D:8      | Reached skill level 5 in Long Blades
 12630 | D:8      | Reached skill level 5 in Axes
 12630 | D:8      | Reached skill level 5 in Maces & Flails
 12630 | D:8      | Reached skill level 5 in Polearms
 12630 | D:8      | Reached skill level 5 in Staves
 12630 | D:8      | Reached skill level 5 in Slings
 12630 | D:8      | Reached skill level 5 in Bows
 12630 | D:8      | Reached skill level 5 in Crossbows
 12630 | D:8      | Reached skill level 5 in Throwing
 12630 | D:8      | Reached skill level 5 in Armour
 12630 | D:8      | Reached skill level 5 in Shields
 12630 | D:8      | Reached skill level 5 in Unarmed Combat
 12630 | D:8      | Reached skill level 5 in Evocations
 13062 | D:9      | Noticed a two-headed ogre
 13390 | D:9      | Noticed a two-headed ogre
 13403 | D:8      | Reached skill level 9 in Spellcasting
 14158 | D:8      | Found an ancient bone altar of Kikubaaqudgha.
 14380 | D:8      | Found a blossoming altar of Fedhas.
 14468 | D:8      | Killed a two-headed ogre
 14469 | D:8      | Reached skill level 5 in Conjurations
 14469 | D:8      | Reached skill level 5 in Summonings
 14469 | D:8      | Reached skill level 5 in Translocations
 14613 | D:8      | Killed a two-headed ogre
 14812 | D:9      | Identified the ring "Leidot" {rF+ rN+ Int+6}
 15352 | D:9      | Reached ** piety under Sif Muna
 15593 | D:9      | Reached XP level 11. HP: 81/81 MP: 19/24
 15934 | D:10     | Entered Level 10 of the Dungeon
 15991 | D:10     | Noticed a two-headed ogre
 16325 | D:9      | Killed from afar by a gargoyle

Illustrated notes

Levels and vault maps discovered:
D:1:      saegor_arrival_fortress, layout_basic
D:2:      layout_loops_ring, serial_shops, shop,
          shapermc_ecumenical_altar_flowoftime, minmay_distorted,
          uniq_crazy_yiuf_cottage, uniq_robin
D:3:      layout_basic
D:4:      layout_rooms, minmay_temple_entry_statues_fountains
D:5:      layout_loops_ring, zin_statuary, grunt_temple_overflow_diamond,
          uniq_prince_ribbit1
D:6:      layout_loops_corners, uniq_eustachio
D:7:      layout_loops_cross, uniq_pikel
D:8:      layout_basic, mainiacjoe_overflow_brackets,
          lemuel_zombie_altar_kikubaaqudgha, minmay_three_doors
D:9:      layout_cave_pools, kennysheep_windowed_goal
D:10:     layout_cave_pods, erik_lair_orcish_takeover, uniq_grum
Temple:   regret_index_temple_sphere_string

Skill      XL: |  1  2  3  4  5  6  7  8  9 10 |
---------------+-------------------------------+-----
Conjurations   | 2 3 4 5 |  5.3
Summonings     | 2 3 4 5 |  5.3
Translocations | 2 3 4 5 |  5.3
Invocations    | 1 2 3 4 5 6 |  6.4
Fighting       | 1 2 3 4 5 |  5.8
Short Blades   | 1 2 3 4 5 |  5.8
Long Blades    | 1 2 3 4 5 |  5.8
Axes           | 1 2 3 4 5 |  5.8
Maces & Flails | 1 2 3 4 5 |  5.8
Polearms       | 1 2 3 4 5 |  5.8
Staves         | 1 2 3 4 5 |  5.8
Slings         | 1 2 3 4 5 |  5.8
Bows           | 1 2 3 4 5 |  5.8
Crossbows      | 1 2 3 4 5 |  5.8
Throwing       | 1 2 3 4 5 |  5.8
Armour         | 1 2 3 4 5 |  5.8
Shields        | 1 2 3 4 5 |  5.8
Unarmed Combat | 1 2 3 4 5 |  5.8
Evocations     | 1 2 3 4 5 |  5.8
Hexes          | 1 2 3 4 |  4.8
Necromancy     | 1 2 3 4 |  4.8
Transmutations | 1 2 3 4 |  4.8
Fire Magic     | 1 2 3 4 |  4.8
Ice Magic      | 1 2 3 4 |  4.8
Air Magic      | 1 2 3 4 |  4.8
Earth Magic    | 1 2 3 4 |  4.8
Poison Magic   | 1 2 3 4 |  4.8
Dodging        | 5 6 7 |  7.5
Stealth        | 5 6 7 |  7.2
Spellcasting   | 8 9 |  9.3

Action                   |  1- 3 |  4- 6 |  7- 9 | 10-12 || total
-------------------------+-------+-------+-------+-------++-------
Melee: Dagger            |    28 |    74 |    84 |       ||   186
       Bite              |       |     3 |    10 |     6 ||    19
       Punch             |       |     1 |     2 |       ||     3
       Whip              |       |       |    29 |    71 ||   100
 Cast: Magic Dart        |    94 |   129 |   232 |   171 ||   626
       Call Imp          |     1 |     9 |    11 |     6 ||    27
       Conjure Flame     |       |     5 |    34 |    32 ||    71
       Mephitic Cloud    |       |     5 |    31 |    22 ||    58
       Call Canine Famil |       |     3 |    10 |    15 ||    28
       Blink             |       |       |     3 |     2 ||     5
       Ozocubu's Armour  |       |       |     9 |     5 ||    14
Invok: Channel Magic     |       |       |       |     1 ||     1
Evoke: Wand              |       |     5 |     1 |       ||     6
  Use: Potion            |       |     1 |     2 |     5 ||     8
       Scroll            |       |       |     5 |     2 ||     7
 Stab: Sleeping          |     2 |       |       |       ||     2
       Confused          |       |       |     3 |     4 ||     7
       Distracted        |       |       |     1 |       ||     1
Armor: Robe              |     6 |    24 |    50 |    30 ||   110
       Skin              |       |       |       |     1 ||     1
Dodge: Dodged            |    14 |    41 |    96 |    68 ||   219
Block: Buckler           |       |       |    10 |    40 ||    50

Table legend: (Time is in decaauts)
 A = Elapsed time spent in this place.
 B = Non-inter-level travel time spent in this place.
 C = Inter-level travel time spent in this place.
 D = Time resting spent in this place.
 E = Time spent auto-exploring this place.
 F = Levels seen in this place.
 G = Mean time per level.
                   A        B        C        D        E       F      G
               +--------+--------+--------+--------+--------+-----+--------+
         Total |  16253 |  15888 |    365 |   3828 |   9321 |  11 | 1477.5 |
       Dungeon |  16072 |  15738 |    334 |   3828 |   9185 |  10 | 1607.2 |
        Temple |    181 |    150 |     31 |      0 |    136 |   1 |  181.0 |
               +--------+--------+--------+--------+--------+-----+--------+

Top non-repeatable levels by time:
     D:8: 4276 daAuts
     D:6: 2294 daAuts
     D:2: 1787 daAuts
     D:5: 1665 daAuts
     D:1: 1412 daAuts
     D:3: 1191 daAuts
     D:9: 1112 daAuts
     D:4: 1110 daAuts
     D:7: 1084 daAuts
  Temple: 181 daAuts
    D:10: 136 daAuts
